TOP OF THE 1ST |
San Jose Giants batting - Pitching for Altoona Curve : RHP Don Boudreau
|
Pitching: RHP Don Boudreau
|
|
Batting: RHB Edwin Verdugo
|
0-0: Foul Ball, location: 2F 0-1: Ground out 5-3 (Groundball, 56, EV 87.5 MPH)
|
Batting: LHB Steve Nevis
|
0-0: Called Strike 0-1: Ball 1-1: Fly out, F8 (Flyball, 8RM, EV 83.8 MPH)
|
Batting: RHB Frank Pena
|
0-0: Swinging Strike 0-1: Swinging Strike 0-2: Strikes out looking
|
Top of the 1st over - 0 runs, 0 hits, 0 errors, 0 left on base; San Jose 0 - Altoona 0 |
BOTTOM OF THE 1ST |
Altoona Curve batting - Pitching for San Jose Giants : RHP Kenjyu Watanabe
|
Pitching: RHP Kenjyu Watanabe
|
|
Batting: LHB Sammy Roddenberry
|
0-0: Foul Ball, location: 2F 0-1: Ground out 6-3 (Groundball, 6, EV 86.9 MPH)
|
Batting: RHB Jose Almonte
|
0-0: Called Strike 0-1: Fly out, F8 (Flyball, 8RM, EV 92.5 MPH)
|
Batting: LHB Nick Rooney
|
0-0: Called Strike 0-1: Foul Ball, location: 2F 0-2: Ground out 4-3 (Groundball, 4S, EV 94.4 MPH)
|
Bottom of the 1st over - 0 runs, 0 hits, 0 errors, 0 left on base; San Jose 0 - Altoona 0 |
TOP OF THE 2ND |
San Jose Giants batting - Pitching for Altoona Curve : RHP Don Boudreau
|
Batting: RHB Zach Maguire
|
0-0: Ball 1-0: Fly out, F3 (Line Drive, 3L, EV 72.5 MPH)
|
Batting: LHB Gil Caraveo
|
0-0: Called Strike 0-1: Ball 1-1: Ball 2-1: Fly out, F8 (Line Drive, 8LM, EV 109.4 MPH)
|
Batting: RHB Josh Truell
|
0-0: Ground out 4-3 (Groundball, 34D, EV 91.9 MPH)
|
Top of the 2nd over - 0 runs, 0 hits, 0 errors, 0 left on base; San Jose 0 - Altoona 0 |
BOTTOM OF THE 2ND |
Altoona Curve batting - Pitching for San Jose Giants : RHP Kenjyu Watanabe
|
Batting: RHB Etsuro Hosokawa
|
0-0: Ball 1-0: Ball 2-0: Ball 3-0: Called Strike 3-1: Foul Ball, location: 2F 3-2: Fly out, F7 (Flyball, 7LM, EV 80.0 MPH)
|
Batting: LHB Ruben Garza
|
0-0: Called Strike 0-1: Ball 1-1: Ball 2-1: Ball 3-1: Base on Balls
|
Batting: RHB Mike Velazquez
|
0-0: Called Strike 0-1: Swinging Strike 0-2: Ground out 5-3 (Groundball, 56S, EV 74.4 MPH) Ruben Garza to second
|
Batting: RHB Richard Barrios
|
0-0: Ball 1-0: Ball 2-0: Ball 3-0: Base on Balls
|
Batting: RHB Keiji Nakajima
|
0-0: Called Strike 0-1: Ball 1-1: Foul Ball, location: 2F 1-2: Strikes out looking
|
Bottom of the 2nd over - 0 runs, 0 hits, 0 errors, 2 left on base; San Jose 0 - Altoona 0 |
TOP OF THE 3RD |
San Jose Giants batting - Pitching for Altoona Curve : RHP Don Boudreau
|
Batting: RHB Bob Schweiger
|
0-0: Called Strike 0-1: Ball 1-1: Called Strike 1-2: SINGLE (Line Drive, 8RS, EV 87.5 MPH)
|
Batting: RHB Malik Sharpless
|
0-0: Swinging Strike 0-1: Grounds into double play, 4-6-3 (Groundball, 4, EV 83.8 MPH)
|
Batting: RHB Harry Dickson
|
0-0: Swinging Strike 0-1: Ball 1-1: Swinging Strike 1-2: Foul Ball, location: 2F 1-2: Foul Ball, location: 2F 1-2: Ball 2-2: Ball 3-2: Strikes out swinging
|
Top of the 3rd over - 0 runs, 1 hit, 0 errors, 0 left on base; San Jose 0 - Altoona 0 |
BOTTOM OF THE 3RD |
Altoona Curve batting - Pitching for San Jose Giants : RHP Kenjyu Watanabe
|
Batting: SHB Curtis Thompson
|
0-0: Swinging Strike 0-1: Called Strike 0-2: Foul Ball, location: 2F 0-2: Ball 1-2: Ball 2-2: Strikes out looking
|
Batting: LHB Sammy Roddenberry
|
0-0: Ball 1-0: SINGLE (Groundball, 6MD, EV 103.8 MPH)
|
Batting: RHB Jose Almonte
|
0-0: Ball 1-0: SINGLE (Groundball, 25, EV 73.8 MPH) (infield hit) Sammy Roddenberry to second
|
Batting: LHB Nick Rooney
|
0-0: Foul Ball, location: 2F 0-1: Grounds into double play, 4-6-3 (Groundball, 4, EV 81.9 MPH)
|
Bottom of the 3rd over - 0 runs, 2 hits, 0 errors, 1 left on base; San Jose 0 - Altoona 0 |
TOP OF THE 4TH |
San Jose Giants batting - Pitching for Altoona Curve : RHP Don Boudreau
|
Batting: RHB Edwin Verdugo
|
0-0: Fly out, F7 (Line Drive, 7, EV 99.4 MPH)
|
Batting: LHB Steve Nevis
|
0-0: Foul Ball, location: 2F 0-1: Ball 1-1: Ball 2-1: Swinging Strike 2-2: Ball 3-2: Ground out 6-3 (Groundball, 6MD, EV 102.5 MPH)
|
Batting: RHB Frank Pena
|
0-0: Ball 1-0: Called Strike 1-1: Ground out 6-3 (Groundball, 6S, EV 70.0 MPH)
|
Top of the 4th over - 0 runs, 0 hits, 0 errors, 0 left on base; San Jose 0 - Altoona 0 |
BOTTOM OF THE 4TH |
Altoona Curve batting - Pitching for San Jose Giants : RHP Kenjyu Watanabe
|
Batting: RHB Etsuro Hosokawa
|
0-0: Ball 1-0: Ball 2-0: Foul Ball, location: 2F 2-1: SINGLE (Groundball, 4M, EV 97.5 MPH)
|
Batting: LHB Ruben Garza
|
0-0: Ball 1-0: Ball Etsuro Hosokawa steals 2nd base (no throw) 2-0: Foul Ball, location: 2F 2-1: SINGLE (Groundball, 6, EV 105.6 MPH) Etsuro Hosokawa to third Runner from 3rd tries for Home, SAFE, throw by LF to home
|
Batting: RHB Mike Velazquez
|
0-0: Ball 1-0: Ball 2-0: Ball 3-0: Base on Balls Ruben Garza to second
|
Batting: RHB Richard Barrios
|
0-0: Ball 1-0: SINGLE (Groundball, 6, EV 94.4 MPH) Ruben Garza to third Mike Velazquez to second
|
Batting: RHB Keiji Nakajima
|
0-0: Ball 1-0: Fly out, F7 (Flyball, 7, EV 85.6 MPH)
|
Batting: SHB Curtis Thompson
|
0-0: Called Strike 0-1: Ball 1-1: Swinging Strike 1-2: SINGLE (Flyball, 4MD, EV 88.8 MPH) Ruben Garza scores Mike Velazquez to third Richard Barrios to second
|
Batting: LHB Sammy Roddenberry
|
0-0: Foul Ball, location: 2F 0-1: Ball 1-1: Grounds into fielders choice 1-2 (Groundball, 13, EV 69.4 MPH) Richard Barrios to third Curtis Thompson to second
|
Batting: RHB Jose Almonte
|
0-0: SINGLE (Groundball, 56S, EV 70.0 MPH) (infield hit) Richard Barrios scores Curtis Thompson to third Sammy Roddenberry to second
|
Batting: LHB Nick Rooney
|
0-0: Ball 1-0: Ball 2-0: Called Strike 2-1: Ball 3-1: Base on Balls Curtis Thompson scores Sammy Roddenberry to third Jose Almonte to second
|
Batting: RHB Etsuro Hosokawa
|
0-0: Called Strike 0-1: Ball 1-1: Ball 2-1: Ball 3-1: Base on Balls Sammy Roddenberry scores Jose Almonte to third Nick Rooney to second
|
Pitching: RHP Hiroaki Yazawa
|
|
Batting: LHB Ruben Garza
|
0-0: Called Strike 0-1: Fielders Choice at 2nd, 6-4 (Groundball, 4M, EV 96.9 MPH)
|
Bottom of the 4th over - 5 runs, 5 hits, 0 errors, 3 left on base; San Jose 0 - Altoona 5 |
TOP OF THE 5TH |
San Jose Giants batting - Pitching for Altoona Curve : RHP Don Boudreau
|
Batting: RHB Zach Maguire
|
0-0: Ball 1-0: Fly out, F8 (Flyball, 78S, EV 73.8 MPH)
|
Batting: LHB Gil Caraveo
|
0-0: Reached on error, E6 (Groundball, 6, EV 90.0 MPH)
|
Batting: RHB Josh Truell
|
0-0: Called Strike Gil Caraveo steals 2nd base (no throw) 0-1: Foul Ball, location: 2F 0-2: Ball 1-2: Strikes out looking
|
Batting: RHB Bob Schweiger
|
0-0: Ball 1-0: Ball 2-0: Called Strike 2-1: Ball 3-1: Base on Balls
|
Batting: RHB Malik Sharpless
|
0-0: Ball 1-0: Ball 2-0: Foul Ball, location: 2F 2-1: Foul Ball, location: 2F 2-2: Ball 3-2: Ground out 5-3 (Groundball, 5S, EV 80.6 MPH)
|
Top of the 5th over - 0 runs, 0 hits, 1 error, 2 left on base; San Jose 0 - Altoona 5 |
BOTTOM OF THE 5TH |
Altoona Curve batting - Pitching for San Jose Giants : RHP Hiroaki Yazawa
|
Batting: RHB Mike Velazquez
|
0-0: Called Strike 0-1: Ball 1-1: Foul Ball, location: 2F 1-2: SINGLE (Groundball, 4D, EV 96.9 MPH)
|
Batting: RHB Richard Barrios
|
0-0: Fielders Choice at 2nd, 1-4 (Groundball, 15S, EV 65.0 MPH)
|
Batting: RHB Keiji Nakajima
|
0-0: Swinging Strike 0-1: Ball Richard Barrios steals 2nd base 1-1: Called Strike 1-2: Ball 2-2: Ground out 1-3 (Groundball, 23, EV 67.5 MPH) Richard Barrios to third
|
Batting: SHB Curtis Thompson
|
0-0: Ball 1-0: Swinging Strike 1-1: Ball 2-1: Foul Ball, location: 2F 2-2: Ball 3-2: Strikes out swinging
|
Bottom of the 5th over - 0 runs, 1 hit, 0 errors, 1 left on base; San Jose 0 - Altoona 5 |
TOP OF THE 6TH |
San Jose Giants batting - Pitching for Altoona Curve : RHP Don Boudreau
|
Batting: RHB Harry Dickson
|
0-0: Swinging Strike 0-1: Ball 1-1: Ball 2-1: Foul Ball, location: 2F 2-2: Strikes out swinging
|
Batting: RHB Edwin Verdugo
|
0-0: Ball 1-0: Foul Ball, location: 2F 1-1: Ball 2-1: Ball 3-1: Swinging Strike 3-2: Strikes out swinging
|
Batting: LHB Steve Nevis
|
0-0: Ground out 5-3 (Groundball, 56S, EV 66.9 MPH)
|
Top of the 6th over - 0 runs, 0 hits, 0 errors, 0 left on base; San Jose 0 - Altoona 5 |
BOTTOM OF THE 6TH |
Altoona Curve batting - Pitching for San Jose Giants : RHP Hiroaki Yazawa
|
Batting: LHB Sammy Roddenberry
|
0-0: Swinging Strike 0-1: SOLO HOME RUN (Line Drive, 8LXD, EV 103.8 MPH), Distance : 429 ft
|
Batting: RHB Jose Almonte
|
0-0: Ball 1-0: Ball 2-0: Fly out, F9 (Flyball, 9LM, EV 90.0 MPH)
|
Batting: LHB Nick Rooney
|
0-0: Ball 1-0: Ball 2-0: Called Strike 2-1: Foul Ball, location: 2F 2-2: Ball 3-2: Foul Ball, location: 2F 3-2: Ground out 6-3 (Groundball, 6, EV 85.6 MPH)
|
Batting: RHB Etsuro Hosokawa
|
0-0: Called Strike 0-1: Swinging Strike 0-2: Ball 1-2: Ball 2-2: Strikes out swinging
|
Bottom of the 6th over - 1 run, 1 hit, 0 errors, 0 left on base; San Jose 0 - Altoona 6 |
TOP OF THE 7TH |
San Jose Giants batting - Pitching for Altoona Curve : RHP Don Boudreau
|
Batting: RHB Frank Pena
|
0-0: SINGLE (Groundball, 25, EV 61.2 MPH) (infield hit)
|
Batting: RHB Zach Maguire
|
0-0: Called Strike 0-1: Fly out, F7 (Flyball, 7LD, EV 95.6 MPH) Runner from 1st tags up, SAFE at 2nd
|
Batting: LHB Gil Caraveo
|
0-0: Ball 1-0: Swinging Strike 1-1: Foul Ball, location: 2F 1-2: Strikes out swinging
|
Batting: RHB Josh Truell
|
0-0: Foul Ball, location: 2F 0-1: Ball 1-1: Ground out 4-3 (Groundball, 4M, EV 86.2 MPH)
|
Top of the 7th over - 0 runs, 1 hit, 0 errors, 1 left on base; San Jose 0 - Altoona 6 |
BOTTOM OF THE 7TH |
Altoona Curve batting - Pitching for San Jose Giants : RHP Hiroaki Yazawa
|
Batting: LHB Ruben Garza
|
0-0: Ball 1-0: Ball 2-0: Swinging Strike 2-1: Called Strike 2-2: Fly out, F5 (Line Drive, 6, EV 63.1 MPH)
|
Pitching: RHP Peter Ellis
|
|
Batting: RHB Mike Velazquez
|
0-0: Ball 1-0: Ball 2-0: Swinging Strike 2-1: Fly out, F7 (Flyball, 78D, EV 84.4 MPH)
|
Batting: RHB Richard Barrios
|
0-0: Called Strike 0-1: Fly out, F3 (Popup, 3SF, EV 74.4 MPH)
|
Bottom of the 7th over - 0 runs, 0 hits, 0 errors, 0 left on base; San Jose 0 - Altoona 6 |
TOP OF THE 8TH |
San Jose Giants batting - Pitching for Altoona Curve : RHP Don Boudreau
|
Batting: RHB Bob Schweiger
|
0-0: Ball 1-0: Ball 2-0: Ball 3-0: Called Strike 3-1: Foul Ball, location: 2F 3-2: Strikes out swinging
|
Batting: RHB Malik Sharpless
|
0-0: Called Strike 0-1: Ball 1-1: Foul Ball, location: 2F 1-2: SINGLE (Groundball, 56D, EV 97.5 MPH)
|
Batting: RHB Harry Dickson
|
0-0: Ball 1-0: Foul Ball, location: 2F 1-1: Ball 2-1: Foul Ball, location: 2F 2-2: Ball 3-2: Strikes out looking
|
Pitching: LHP Don Quiponch
|
|
Batting: RHB Edwin Verdugo
|
Pickoff Throw to First - Out! 1-3 CS
|
Top of the 8th over - 0 runs, 1 hit, 0 errors, 0 left on base; San Jose 0 - Altoona 6 |
BOTTOM OF THE 8TH |
Altoona Curve batting - Pitching for San Jose Giants : RHP Peter Ellis
|
Batting: RHB Keiji Nakajima
|
0-0: Ball 1-0: Called Strike 1-1: Foul Ball, location: 2F 1-2: Strikes out swinging
|
Batting: SHB Curtis Thompson
|
0-0: Ball 1-0: Foul Ball, location: 2F 1-1: Called Strike 1-2: Strikes out looking
|
Batting: LHB Sammy Roddenberry
|
0-0: Foul Ball, location: 2F 0-1: Called Strike 0-2: SOLO HOME RUN (Flyball, 89XD, EV 105.6 MPH), Distance : 423 ft
|
Batting: RHB Jose Almonte
|
0-0: Called Strike 0-1: Called Strike 0-2: Ball 1-2: Foul Ball, location: 2F 1-2: Foul Ball, location: 2F 1-2: Foul Ball, location: 2F 1-2: DOUBLE (Line Drive, 7LM, EV 113.1 MPH)
|
Pitching: RHP Jay Kouns
|
|
Pinch Hitting: RHB Terry Sutherland
|
0-0: Called Strike 0-1: Ball 1-1: Foul Ball, location: 2F 1-2: Ball 2-2: Ball 3-2: Fly out, F8 (Flyball, 8RS, EV 70.6 MPH)
|
Bottom of the 8th over - 1 run, 2 hits, 0 errors, 1 left on base; San Jose 0 - Altoona 7 |
TOP OF THE 9TH |
San Jose Giants batting - Pitching for Altoona Curve : LHP Don Quiponch
|
Now at 1B: Terry Sutherland
|
|
Batting: RHB Edwin Verdugo
|
0-0: Called Strike 0-1: Ball 1-1: Ball 2-1: Ground out 6-3 (Groundball, 6, EV 88.8 MPH)
|
Batting: LHB Steve Nevis
|
0-0: Ball 1-0: Ball 2-0: Called Strike 2-1: Called Strike 2-2: Strikes out swinging
|
Pinch Hitting: RHB Tony Harper
|
0-0: Called Strike 0-1: Called Strike 0-2: Ball 1-2: Ball 2-2: Ball 3-2: Strikes out swinging
|
Top of the 9th over - 0 runs, 0 hits, 0 errors, 0 left on base; San Jose 0 - Altoona 7 |
|